 Dungeon Crawl Stone Soup version 0.28-a0-1199-gef9e1dbd39 (webtiles) character file.

Game seed: 3327964356898592798

1 bearlyready the Sneak (level 1, -1/19 HPs)
             Began as a Minotaur Delver on Dec 20, 2021.
             Was an Initiate of Okawaru.
             Slain by an orc (3 damage)
             ... on level 4 of the Dungeon.
             The game lasted 00:01:36 (327 turns).

bearlyready the Sneak (Minotaur Delver)              Turns: 327, Time: 00:01:37

Health: -1/19      AC:  3    Str: 16    XL:     1   Next: 16%
Magic:  0/0        EV: 11    Int:  7    God:    Okawaru [......]
Gold:   19         SH:  0    Dex: 11    Spells: 0/0 levels left

rFire   . . .      SeeInvis .   a - +0 falchion
rCold   . . .      Faith    .   (no shield)
rNeg    . . .      Spirit   .   b - +0 leather armour
rPois   .          Reflect  .   (helmet restricted)
rElec   .          Harm     .   (no cloak)
rCorr   .          Rampage  .   (no gloves)
Will    .....                   (no boots)
Stlth   ++........              (no amulet)
HPRegen 0.06/turn               (no ring)
MPRegen 0.07/turn               (no ring)

@: no status effects
A: horns 2, retaliatory headbutt
a: Renounce Religion


You were on level 4 of the Dungeon.
You worshipped Okawaru.
Okawaru was noncommittal.
You visited 2 branches of the dungeon, and saw 3 of its levels.

You collected 19 gold pieces.

Inventory:

Hand Weapons
 a - a +0 falchion (weapon)
Missiles
 i - 17 poisoned darts (quivered)
Armour
 b - a +0 leather armour (worn)
Wands
 g - a wand of digging (3)
Scrolls
 c - a scroll of fog
 d - a scroll of magic mapping
 e - a scroll of fear
Potions
 f - a potion of haste
 h - a potion of brilliance {unknown}


   Skills:
 - Level 3.6 Fighting
 + Level 2.6 Long Blades
 - Level 2.1 Dodging
 - Level 4.1 Stealth


You couldn't memorise any spells.
You didn't know any spells.
Your spell library contained the following spells:

 Spells                   Type           Power      Damage    Failure   Level
 Slow                     Hex            0%         N/A       50%         1
 Confusing Touch          Hex            0%         N/A       86%         3
 Yara's Violent Unravell  Hex/Tmut       0%         3d3       100%        5


Dungeon Overview and Level Annotations

Branches:
Dungeon (5/15)             Temple (1/1) D:4

Altars:
Ashenzari
Cheibriados
Dithmenos
Elyvilon
Fedhas
Gozag
Hepliaklqana
Kikubaaqudgha
Makhleb
Nemelex Xobeh
Okawaru
Sif Muna
Trog
Uskayaw
Vehumet
Xom
The Shining One


Innate Abilities, Weirdness & Mutations

You have a pair of horns on your head.
You reflexively headbutt those who attack you in melee.


Message History

You climb downwards.
Welcome to the Ecumenical Temple!
Reactivating autopickup.
Found three altars.
There is a staircase back to the Dungeon here.
Found a shimmering altar of Xom.
No target in view!
No target in view!
Found an opulent altar of Gozag.
Found a glowing golden altar of the Shining One.
Found a shimmering blue altar of Sif Muna.
Found an iron altar of Okawaru.
Found a broken altar of Ashenzari.
Found a hide-covered altar of Uskayaw.
Found a hazy altar of Hepliaklqana.
Found a white marble altar of Elyvilon and a bloodstained altar of Trog.
There is a broken altar of Ashenzari here.
Found a sparkling altar of Nemelex Xobeh and a shadowy altar of Dithmenos.
Found a burning altar of Makhleb.
There is a shadowy altar of Dithmenos here.
Done exploring.
Done exploring.
Done exploring.
There is an iron altar of Okawaru here.
You kneel at the altar of Okawaru.
Okawaru welcomes you!
There is a broken altar of Ashenzari here.
There is a hazy altar of Hepliaklqana here.
There is an ancient bone altar of Kikubaaqudgha here.
There is a staircase back to the Dungeon here.
You climb upwards.
The orc wizard casts a spell at you. The puff of flame hits you!
The orc hits you with a +0 hand axe. The orc hits you with a +0 short sword.
* * * LOW HITPOINT WARNING * * *
There is a staircase to the Ecumenical Temple here.
There are monsters nearby!
The orc hits you with a +0 hand axe.
* * * LOW HITPOINT WARNING * * *
The orc hits you with a +0 short sword.
You die...

#......##..........####...#.##.#
#..#.>.##.#.........# ##.##.##.#
#..##..##.##.....##.# #. #..#.#
#..##..##.###.##.##.## # ###.#.#
#..........#.........### #.._..#
#####.####.............#.#.#.#.#
#.# ##..⌠...⌠..#.........# #.#
###...o.....######.#### #..
.......@o.....####.#
###....o....#......#
#..⌠...⌠..#.######
#....o........# ###.........###
##.##.##.## #.. #o##$# #.#
.....# #


You could see an orc wizard and 4 orcs.

Vanquished Creatures
  A giant cockroach (D:4)
1 creature vanquished.

Notes
Turn   | Place    | Note
-------+----------+-------------------------------------------
     0 | D:5      | bearlyready the Minotaur Delver began the quest for the
                  | Orb.
     0 | D:5      | Reached XP level 1. HP: 19/19 MP: 0/0
   101 | D:4      | Noticed a jelly
   143 | D:4      | Found a blossoming altar of Fedhas.
   164 | D:4      | Found a staircase to the Ecumenical Temple.
   166 | D:4      | Noticed an orc wizard
   173 | Temple   | Entered the Ecumenical Temple
   302 | Temple   | Became a worshipper of Warmaster Okawaru
   327 | D:4      | Slain by an orc

Illustrated notes

Levels and vault maps discovered:
D:4:      layout_loops_corners, lemuel_crystal_altar, lemuel_doored_altar,
          lemuel_coloured_pillars_altar, minmay_temple_entry_large_hall
D:5:      minmay_recursive_quarters, layout_loops_corners,
          nicolae_ru_path_of_blood, serial_bayou_pond_d
Temple:   nicolae_temple_elliptical

Action                   || total
-------------------------++-------
Melee: Falchion          ||     1

Table legend: (Time is in decaauts)
 A = Elapsed time spent in this place.
 B = Non-inter-level travel time spent in this place.
 C = Inter-level travel time spent in this place.
 D = Time resting spent in this place.
 E = Time spent auto-exploring this place.
 F = Levels seen in this place.
 G = Mean time per level.
                   A        B        C        D        E       F      G
               +--------+--------+--------+--------+--------+-----+--------+
         Total |    327 |    296 |     31 |      0 |    214 |   3 |  109.0 |
       Dungeon |    174 |    165 |      9 |      0 |    106 |   2 |   87.0 |
        Temple |    152 |    130 |     22 |      0 |    108 |   1 |  152.0 |
               +--------+--------+--------+--------+--------+-----+--------+

Top non-repeatable levels by time:
  Temple: 152 daAuts
     D:5: 95 daAuts
     D:4: 79 daAuts
